cohdb
Replays
Latest Replays
All Replays
Popular Replays
Top Player Replays
Match Explorer
How It Works
Community
CoH3 Stats
Reddit
Sign in to upload your games and track your stats! →
Sign in with Steam
Match 36607180
Unlisted
Match 36607180
Overview
Messages
Build Orders
End
Kradschützen Motorcycle Team
Panzerpioneer Squad
Selects Armored Support Battlegroup
Panzerpioneer Squad
250 Light Carrier
Construct Light Support Kompanie
Combat Half-tracks
MG34 Team
Panzerjäger Mechanized Group
Fire Support Elements
Construct Panzerarmee Kommand
Vehicle Survival Package
Selects Superior Fire Drills
Panzer III L Medium Tank
Selects Salvage Kits
Selects Panzer Storm
Emergency Repair Kits
Esxile
OMJimas
Lifer
McGregor777
0
0
Comments
sign in to comment!
No comments posted yet!